 Dungeon Crawl Stone Soup version 0.23-a0-404-g0063841 (webtiles) character file.

159 galech the Skirmisher (level 5, 12/42 HPs)
             Began as a Demonspawn Fighter on Nov 5, 2018.
             Quit the game on level 2 of the Dungeon.
             The game lasted 00:01:43 (1273 turns).

galech the Skirmisher (Demonspawn Fighter)          Turns: 1273, Time: 00:01:43

Health: 12/42      AC: 13    Str: 16    XL:     5   Next: 17%
Magic:  5/5        EV:  2    Int:  9    God:
Gold:   47         SH:  9    Dex: 14    Spells: 4/4 levels left

rFire    . . .     SeeInvis .   a - +0 war axe
rCold    . . .     Gourm    .   c - +0 shield
rNeg     . . .     Faith    .   i - +0 plate armour
rPois    .         Spirit   .   (helmet restricted)
rElec    .         Reflect  .   (no cloak)
rCorr    +         Harm     .   (no gloves)
MR       .....                  (no boots)
Stlth    ..........             (no amulet)
HPRegen  0.14/turn              j - ring of resist corrosion
MPRegen  0.09/turn              (no ring)

@: no status effects
A: antennae 1, molten scales 1, spiny 1
a: no special abilities


You were on level 2 of the Dungeon.
You were not hungry.

You visited 1 branch of the dungeon, and saw 2 of its levels.

You collected 47 gold pieces.

Inventory:

Hand Weapons
 a - a +0 war axe (weapon)
Armour
 c - a +0 shield (worn)
 i - a +0 plate armour (worn)
Jewellery
 j - a ring of resist corrosion (left hand)
Scrolls
 b - a scroll of random uselessness {unknown}
 h - a scroll of noise {unknown}
 k - a scroll of identify {unknown}
Potions
 d - a potion of might
 e - a potion of curing {unknown}
Comestibles
 f - 5 rations
 g - 10 chunks of flesh


   Skills:
 + Level 3.7 Fighting
 + Level 3.0 Axes
 + Level 3.2 Armour
 + Level 0.1 Dodging
 + Level 3.7 Shields


You had 4 spell levels left.
You didn't know any spells.
Your spell library was empty.

Dungeon Overview and Level Annotations

Branches:
Dungeon (2/15)

Altars:


Innate Abilities, Weirdness & Mutations

You have a pair of small antennae on your head.
You are partially covered in molten scales. (AC +2)
You are partially covered in sharp spines.


Message History

The gnoll is severely wounded.
The gnoll is struck by your spines.
You kill the gnoll!
You see here a +0 spear.
There isn't anything to butcher here.
Things that are here:
a +0 halberd; a gnoll corpse You butcher the gnoll corpse.
Some of the chunks of flesh in your inventory have rotted away.
g - 6 chunks of flesh (gained 3)
Things that are here:
a +0 halberd; a gnoll skeleton
Items here: )) †† a cursed -2 flail; a +0 whip; a gnoll corpse x2
Butcher a gnoll corpse? [(y)es/(n)o/(a)ll/(q)uit/?]
You butcher the gnoll corpse. x2
g - 7 chunks of flesh (gained 1);
g - 10 chunks of flesh (gained 3)
Items here: )) ÷÷ a cursed -2 flail; a +0 whip; a gnoll skeleton x2
Are you sure you want to abandon this character and quit the game? (Confirm

#..†# #..#.# #........ #
###<..####..#.# #....."..#
# .....†).....#.#
#........# #
###.#.###...#.# #......$.#
# #.#.# #...#.# #........#
# #.#.###...#.# #........#
# ............# #........#
#
#.#.###.########).......###
. #.#.#
#.......@)...(....... .. #.
#####.#####..(...#### .##
...# #......# #....#
#......# +....# #......#
#....# ####...# #....# ...#
.....# ####


There were no monsters in sight!

Vanquished Creatures
  Jessica (D:2)
  3 adders (D:2)
  5 gnolls
  4 giant cockroaches
  3 hobgoblins
  10 jackals
  2 quokkas (D:2)
  3 ball pythons
  9 bats
  2 frilled lizards
  9 goblins
  2 kobolds
  3 rats (D:2)
56 creatures vanquished.

Notes
Turn   | Place    | Note
-------+----------+-------------------------------------------
     0 | D:1      | galech the Demonspawn Fighter began the quest for the Orb.
     0 | D:1      | Reached XP level 1. HP: 18/18 MP: 1/1
   189 | D:1      | Gained mutation: You are partially covered in molten
                  | scales. (AC +2) [demonic ancestry]
   189 | D:1      | Reached XP level 2. HP: 17/24 MP: 2/2
   329 | D:1      | Reached XP level 3. HP: 27/29 MP: 3/3
   945 | D:2      | Gained mutation: You are partially covered in sharp spines.
                  | [demonic ancestry]
   945 | D:2      | Reached XP level 4. HP: 12/35 MP: 4/4
  1115 | D:2      | Noticed Jessica
  1119 | D:2      | Killed Jessica
  1246 | D:2      | Gained mutation: You have a pair of small antennae on your
                  | head. [demonic ancestry]
  1246 | D:2      | Reached XP level 5. HP: 31/42 MP: 5/5
  1273 | D:2      | Quit the game

Vault maps used:
D:1:      dpeg_arrival_arbitrary_a, st_stairs_4
D:2:      minmay_diamond_boxcup, uniq_crazy_yiuf_cottage, uniq_jessica

Skill      XL: |  1  2  3  4 |
---------------+-------------+-----
Shields        | 3 |  3.7
Axes           | 2 3 |  3.0
Armour         | 3 |  3.2
Fighting       | |  3.7
Dodging        | |  0.1

Action                   |  1- 3 |  4- 6 || total
-------------------------+-------+-------++-------
Melee: War axe           |   161 |    40 ||   201
  Eat: Chunk             |       |     2 ||     2
Armor: Scale mail        |    11 |       ||    11
       Plate armour      |   162 |    32 ||   194
Dodge: Dodged            |    29 |     2 ||    31
Block: Shield            |   120 |    32 ||   152

Table legend:
 A = Non-vault XP
 B = Vault XP
 C = Vault XP percentage of total XP
 D = Non-vault monster count
 E = Vault monster count
 F = Vault count percentage of total count
                 A         B        C        D         E       F
            +---------+---------+-------+---------+---------+-------
      Total |     163 |      65 |  28.5 |      45 |      11 |  19.6
            +---------+---------+-------+---------+---------+-------
        D:1 |      51 |       3 |   5.6 |      22 |       2 |   8.3
        D:2 |     112 |      62 |  35.6 |      23 |       9 |  28.1
            +---------+---------+-------+---------+---------+-------
